 Dungeon Crawl Stone Soup version 0.32-a0-576-g706899e69d (webtiles) character file.

Game seed: 11596582330813463782

18004 croobank the Covert (level 12, -13/64 HPs)
             Began as a Felid Delver on Mar 1, 2024.
             Was an Elder of Kikubaaqudgha.
             Mangled by a red ugly thing (19 damage)
             ... on level 11 of the Dungeon.
             The game lasted 00:53:57 (10593 turns).

croobank the Covert (Felid Delver)                 Turns: 10593, Time: 00:53:57

Health: -13/64     AC:  3    Str:  8    XL:     12   Next: 23%
Magic:  2/22       EV: 23    Int: 20    God:    Kikubaaqudgha [****..]
Gold:   557        SH:  0    Dex: 17    Spells: 7/24 levels left
                                        Lives:  0   Deaths: 4

rFire   . .          .
                       - Unarmed
rCold   + . .        (shield unavailable)
rNeg    . . .        (body armour unavailable)
rPois   .            (helmet unavailable)
rElec   .            (cloak unavailable)
rCorr   .            (gloves unavailable)
SInv    +            (boots unavailable)
Will    .....        n - amulet of regeneration
Stlth   +++++        f - ring of wizardry
HPRegen 1.10/turn    h - ring of wizardry
MPRegen 0.18/turn

%: wizardry (x2)
@: brilliant, beast-form, weak-willed, jinxed, studying Unarmed Combat
A: beast (slay +2), very small, claws 1, fangs 3, see invisible, shaggy fur 3,
stealthy paws, no weapons or thrown items, no armour, multi-lived
a: Begin Untransformation, Renounce Religion, Unearth Wretches


You were on level 11 of the Dungeon.
You worshipped Kikubaaqudgha.
Kikubaaqudgha was greatly pleased with you.
You were a hulking beast.
You visited 2 branches of the dungeon, and saw 12 of its levels.

You collected 719 gold pieces.
You spent 162 gold pieces at shops.

Inventory:

Jewellery
 f - a ring of wizardry (left paw)
 h - a ring of wizardry (right paw)
 n - an amulet of regeneration (around neck)
Talismans
 u - a beast talisman (active)
Wands
 e - a wand of digging (3)
 o - a wand of mindburst (7)
Scrolls
 b - a scroll of torment
 c - 4 scrolls of poison
 d - a scroll of teleportation
 g - a scroll of butterflies {unknown}
 i - 4 scrolls of revelation
 j - a scroll of identify
 m - 2 scrolls of vulnerability
 p - a scroll of blinking
Potions
 a - a potion of lignification
 l - a potion of brilliance
 s - 2 potions of attraction
 t - a potion of degeneration {unknown}
 w - a potion of enlightenment {unknown}


   Skills:
 + Level 8.1 Fighting
 + Level 9.1 Dodging
 + Level 11.4 Stealth
 + Level 9.1 Unarmed Combat
 + Level 6.5 Spellcasting
 - Level 8.4 Hexes
 * Level 6.6 Summonings
 + Level 2.1 Necromancy
 - Level 4.6 Translocations
 * Level 6.1 Air Magic
 + Level 4.7 Shapeshifting


You had 7 spell levels left.
You knew the following spells:

 Your Spells              Type           Power      Damage    Failure   Level
e - Summon Lightning Spi  Summ/Air       48%        N/A       1%          4
f - Summon Mana Viper     Hex/Summ       53%        N/A       3%          5
B - Blink                 Tloc           76%        N/A       1%          2
J - Jinxbite              Hex            100%       N/A       1%          2
N - Anguish               Hex/Necr       20%        N/A       3%          4

Your spell library contained the following spells:

 Spells                   Type           Power      Damage    Failure   Level
 Kiss of Death            Conj/Necr      64%        2d10      1%          1
 Necrotise                Necr           88%        1d8       1%          1
 Lesser Beckoning         Tloc           76%        N/A       1%          2
 Momentum Strike          Conj/Tloc      46%        3d9       1%          2
 Static Discharge         Conj/Air       56%        3-6/arc   1%          2
 Confusing Touch          Hex            57%        N/A       1%          3
 Tukima's Dance           Hex            57%        N/A       1%          3
 Summon Ice Beast         Ice/Summ       29%        N/A       2%          3
 Airstrike                Air            23%        2d(4-20)  2%          4
 Fugue of the Fallen      Necr           22%        N/A       3%          3
 Vampiric Draining        Necr           22%        2d7       3%          3
 Martyr's Knell           Necr/Summ      36%        N/A       4%          4
 Dispel Undead            Necr           22%        3d12      11%         4
 Iskenderun's Mystic Bla  Conj/Tloc      23%        2d6       11%         4
 Yara's Violent Unravell  Hex/Alch       17%        3d8       13%         5
 Curse of Agony           Necr           22%        N/A       28%         5
 Enfeeble                 Hex            28%        N/A       54%         7
 Monstrous Menagerie      Summ           25%        N/A       75%         7
 Death Channel            Necr           11%        N/A       80%         6
 Dimensional Bullseye     Hex/Tloc       Unusable   N/A       N/A         4

Dungeon Overview and Level Annotations

Branches:
Dungeon (11/15)            Temple (1/1) D:4            Lair (0/5) D:9
    Orc (0/2) D:10

Altars:
Ashenzari
Cheibriados
Dithmenos
Elyvilon
Fedhas
Gozag
Hepliaklqana
Kikubaaqudgha
Makhleb
Nemelex Xobeh
Okawaru
Qazlal
Ru
Sif Muna
Trog
Uskayaw
Vehumet
Wu Jian
Xom
Yredelemnul
Zin
The Shining One

Shops:
D:4 *


Innate Abilities, Weirdness & Mutations

You are a hulking beast.
Your limbs bulge with bestial killing power. (Slay +2)
You have sharp claws.
You have razor-sharp teeth.
You have supernaturally acute eyesight. (SInv)
Your thick and shaggy fur keeps you warm. (AC +3, rC+)
Your paws help you pounce on unaware monsters.
You are incapable of wielding weapons or throwing items.
You cannot wear armour.
You gain extra lives every three experience levels.


Message History

You claw the cyan ugly thing!
The cyan ugly thing is lightly wounded.
The cyan ugly thing barely misses you.
You claw the cyan ugly thing! Your bite misses the cyan ugly thing.
The cyan ugly thing is moderately wounded.
A giggling sprite leaps out and makes the cyan ugly thing trip over its own underside.
The cyan ugly thing is heavily wounded.
After a thunderous strike, the drumbeats cease.
Your lightning spire shoots out a bolt of lightning at the red ugly thing!
The bolt of electricity misses the red ugly thing.
The cyan ugly thing bites you! The cyan ugly thing shocks you!
The cyan ugly thing is wracked by anguish!
You closely miss the cyan ugly thing. You bite the cyan ugly thing.
The cyan ugly thing is severely wounded.
A giggling sprite leaps out and makes the cyan ugly thing trip over its own underside.
The cyan ugly thing is almost dead.
Your lightning spire shoots out a bolt of lightning at the red ugly thing!
The bolt of electricity misses the red ugly thing.
You barely miss the cyan ugly thing.
The cyan ugly thing is almost dead.
The red ugly thing trunk-slaps you.
You are engulfed in flames!
The red ugly thing is wracked by anguish!
The cyan ugly thing bites you.
* * * LOW HITPOINT WARNING * * *
The cyan ugly thing shocks you!
* * * LOW HITPOINT WARNING * * *
The cyan ugly thing is wracked by anguish!
The cyan ugly thing dies!
Kikubaaqudgha accepts your kill.
Your lightning spire shoots out a bolt of lightning at the red ugly thing!
The bolt of electricity hits the red ugly thing!
You barely miss the red ugly thing.
The red ugly thing is heavily wounded.
A giggling sprite leaps out and makes the red ugly thing trip over its own underside.
The red ugly thing is severely wounded.
The red ugly thing trunk-slaps you.
* * * LOW HITPOINT WARNING * * *
You are engulfed in flames!!
You die...
Kikubaaqudgha rasps: You have failed me!
Welcome... death!

#. ###.###
#######
#.....>
#....(###
#...<..
#.......
.......
#.....#
#......
######.....#
#......
.......h...#
#......
.#####u....#
#......
##.####
#...... #.#
####.## #†##
# #..# ##I#
###'## #.#
#....# #.#


You could see a red ugly thing (drained, ally target, anguished) and a friendly
lightning spire (summoned).

Vanquished Creatures
  A centaur warrior (D:10)
  5 two-headed ogres
  Pikel (D:4)
  A manticore (D:11)
  An ugly thing (D:10)
  An unseen horror (D:10)
  3 trolls (D:10)
  2 dream sheep (D:8)
  A wyvern (D:8)
  A shadow (D:10)
  2 wraiths (D:10)
  15 yaks
  2 steam dragons
  A vampire mosquito (D:11)
  Menkaure (D:5)
  An acid dragon (D:11)
  2 water moccasins
  4 sky beasts
  3 orc warriors
  A nameless horror (D:7)
  3 black bears
  2 ice beasts (D:7)
  An ogre (D:4)
  A centaur (D:8)
  2 phantoms
  2 kobold brigands
  5 bullfrogs
  3 scorpions
  3 wights
  6 killer bees
  2 howler monkeys (D:9)
  2 hounds
  9 orc priests
  3 gnoll boudas
  2 sleepcaps (D:4)
  4 iguanas
  11 orc wizards
  3 gnolls
  5 adders
  A white imp (D:7)
  A dart slug (D:4)
  2 ribbon worms (D:2)
  51 orcs
  7 endoplasms
  6 giant cockroaches
  6 goblins
  2 hobgoblins (D:1)
  3 jackals (D:5)
  A quokka (D:4)
  5 ball pythons
  5 bats
  6 frilled lizards
  8 kobolds
  3 rats
225 creatures vanquished.

Vanquished Creatures (collateral kills)
  2 boulder beetles (D:10)
  A tengu conjurer (D:9)
  A troll (D:10)
  5 yaks
  3 wyverns (D:10)
  2 vampire mosquitoes
  A steam dragon (D:9)
  3 orc warriors (D:9)
  A bullfrog (D:9)
  2 kobold brigands
  A gnoll sergeant (D:9)
  A wight (D:8)
  4 killer bees
  A howler monkey (D:9)
  An orc wizard (D:9)
  5 orcs
  2 goblins (D:7)
  5 kobolds
41 creatures vanquished.

Vanquished Creatures (others)
  An ugly thing (D:11)
  A gargoyle (D:11)
  A vampire (D:11)
  A howler monkey (D:6)
  An orc wizard (D:6)
  An orc (D:9)
  3 kobolds (D:6)
9 creatures vanquished.

Grand Total: 275 creatures vanquished

Notes
Turn   | Place    | Note
-------+----------+-------------------------------------------
     0 | D:5      | croobank the Felid Delver began the quest for the Orb.
     0 | D:5      | Reached XP level 1. HP: 12/12 MP: 2/2
     6 | D:6      | Found a snail-covered altar of Cheibriados.
    15 | D:6      | Noticed an orc wizard
    15 | D:6      | Noticed a black bear
    34 | D:5      | Noticed an iguana
   124 | D:4      | Noticed a scorpion
   138 | D:4      | Found a staircase to the Ecumenical Temple.
   147 | Temple   | Entered the Ecumenical Temple
   223 | D:4      | Noticed a sleepcap
   300 | D:3      | Found a glowing golden altar of the Shining One.
   300 | D:3      | Found a glowing silver altar of Zin.
   300 | D:3      | Found a white marble altar of Elyvilon.
   350 | D:3      | Noticed an orc priest
   376 | D:3      | Reached XP level 2. HP: 16/16 MP: 3/3
   470 | D:3      | Reached skill level 7 in Stealth
   470 | D:3      | Reached XP level 3. HP: 20/20 MP: 4/4
   480 | D:3      | Learned a level 2 spell: Jinxbite
   663 | D:3      | Slain by an orc priest
   663 | D:3      | Lost a life (0 lives remaining)
   738 | D:2      | Reached XP level 4. HP: 11/24 MP: 3/5
   738 | D:2      | Gained a life (1 life remaining)
   826 | D:1      | Reached skill level 1 in Hexes
  2000 | D:3      | Reached skill level 1 in Spellcasting
  2006 | D:3      | HP: 1/25 [orc priest/divine providence (12)]
  2008 | D:3      | Reached XP level 5. HP: 1/29 MP: 3/7
  2204 | D:4      | Found Nor Mang's Assorted Antiques.
  2209 | D:4      | Bought a dented platinum amulet for 135 gold pieces
  2229 | D:4      | Bought a scroll labelled VOBRUI JOPRIAR for 27 gold pieces
  2352 | D:4      | Noticed an ogre
  2359 | D:4      | Killed an ogre
  2418 | D:4      | Gained mutation: You are covered in thick fur. (AC +2)
                  | [Felid growth]
  2418 | D:4      | Reached XP level 6. HP: 33/33 MP: 8/10
  2536 | D:4      | Found a hide-covered altar of Uskayaw.
  2536 | D:4      | Found an ancient bone altar of Kikubaaqudgha.
  2538 | D:4      | Found a sparkling altar of Nemelex Xobeh.
  2538 | D:4      | Found a shadowy altar of Dithmenos.
  2544 | D:4      | Became a worshipper of Kikubaaqudgha
  2858 | D:5      | Noticed a water moccasin
  2873 | D:5      | Killed a water moccasin
  2882 | D:5      | Reached XP level 7. HP: 32/38 MP: 6/12
  2882 | D:5      | Gained a life (2 lives remaining)
  2967 | D:5      | Noticed Menkaure
  2977 | D:5      | Killed Menkaure
  2983 | D:5      | Found a basalt altar of Yredelemnul.
  3023 | D:5      | Reached skill level 5 in Dodging
  3023 | D:5      | Reached skill level 8 in Stealth
  3049 | D:5      | Slain by an orc
  3049 | D:5      | Lost a life (1 life remaining)
  3085 | D:5      | Reached skill level 5 in Fighting
  3186 | D:5      | Noticed a steam dragon
  3201 | D:5      | Killed a steam dragon
  3202 | D:5      | Reached XP level 8. HP: 33/43 MP: 12/14
  3450 | D:5      | Learned a level 2 spell: Blink
  3704 | D:4      | Reached skill level 1 in Translocations
  3831 | D:5      | Reached skill level 5 in Unarmed Combat
  3847 | D:5      | Reached skill level 1 in Shapeshifting
  4309 | D:5      | Noticed Pikel
  4334 | D:4      | Killed Pikel
  4335 | D:4      | Reached skill level 5 in Hexes
  4587 | D:6      | Reached XP level 9. HP: 48/48 MP: 14/16
  4843 | D:6      | Reached * piety under Kikubaaqudgha
  4843 | D:6      | Received a gift from Kikubaaqudgha
  4885 | D:6      | Reached skill level 9 in Stealth
  5614 | D:6      | Learned a level 4 spell: Summon Lightning Spire
  5661 | D:7      | Found an ornate altar of the Wu Jian Council.
  5689 | D:7      | Found a stormy altar of Qazlal.
  5693 | D:7      | Found a radiant altar of Vehumet.
  5902 | D:7      | Reached skill level 5 in Spellcasting
  5902 | D:7      | Reached skill level 1 in Summonings
  5902 | D:7      | Reached skill level 1 in Air Magic
  6394 | D:7      | Reached XP level 10. HP: 37/53 MP: 6/18
  6394 | D:7      | Gained a life (2 lives remaining)
  6408 | D:7      | Reached ** piety under Kikubaaqudgha
  6601 | D:7      | Found a broken altar of Ashenzari.
  7212 | D:8      | Reached skill level 10 in Stealth
  7263 | D:8      | Found an opulent altar of Gozag.
  7685 | D:9      | Identified a scroll of acquirement
  7685 | D:9      | Acquired a book of Touch
  7693 | D:9      | Found a staircase to the Lair.
  7938 | D:9      | Reached *** piety under Kikubaaqudgha
  7938 | D:9      | Received a gift from Kikubaaqudgha
  8064 | D:9      | Noticed a two-headed ogre
  8073 | D:9      | Killed a two-headed ogre
  8180 | D:9      | Noticed a two-headed ogre
  8224 | D:9      | Killed a two-headed ogre
  8225 | D:9      | Reached XP level 11. HP: 35/58 MP: 8/20
  8626 | D:10     | Entered Level 10 of the Dungeon
  8777 | D:10     | Reached skill level 5 in Summonings
  8831 | D:10     | Found a runed translucent door.
  8893 | D:10     | Learned a level 4 spell: Anguish
  8973 | D:10     | Noticed a boulder beetle
  8973 | D:10     | Noticed a two-headed ogre
  8974 | D:10     | Noticed a cyan ugly thing
  8974 | D:10     | Noticed a centaur warrior
  8987 | D:10     | Killed a centaur warrior
  8988 | D:10     | Killed a two-headed ogre
  8988 | D:10     | Killed by an exploding two-headed ogre... ignited by their
                  | inner flame
  8988 | D:10     | Lost a life (1 life remaining)
  8989 | D:10     | Reached skill level 5 in Air Magic
  9193 | D:10     | Found a runed translucent door.
  9275 | D:10     | Noticed a two-headed ogre
  9311 | D:10     | Killed a two-headed ogre
  9312 | D:10     | Reached skill level 11 in Stealth
  9479 | D:10     | Killed a boulder beetle
  9491 | D:10     | Killed a cyan ugly thing
  9575 | D:10     | Noticed a two-headed ogre
  9587 | D:10     | Noticed a boulder beetle
  9597 | D:10     | Killed a boulder beetle
  9598 | D:10     | Reached skill level 1 in Necromancy
  9820 | D:10     | Found a staircase to the Orcish Mines.
 10035 | D:10     | Killed a two-headed ogre
 10036 | D:10     | Gained mutation: Your thick and shaggy fur keeps you warm.
                  | (AC +3, rC+) [Felid growth]
 10036 | D:10     | Reached XP level 12. HP: 64/64 MP: 2/22
 10060 | D:10     | Reached **** piety under Kikubaaqudgha
 10297 | D:11     | Slain by a cyan ugly thing
 10297 | D:11     | Lost a life (0 lives remaining)
 10315 | D:11     | Learned a level 5 spell: Summon Mana Viper
 10593 | D:11     | Mangled by a red ugly thing

Illustrated notes

Levels and vault maps discovered:
D:1:      dpeg_arrival_tiny_g, layout_basic
D:2:      layout_loops_ring
D:3:      layout_loops_ring, dreamdust_divine_triumvirate
D:4:      layout_gridville, mainiacjoe_overflow_alcove_3,
          minmay_temple_entry_mini_moons, serial_shops,
          nicolae_shop_hallway_plus, nicolae_titane
D:5:      layout_basic, mainiacjoe_overflow_paths, grunt_ministairs_2,
          uniq_pikel, uniq_menkaure
D:6:      layout_cave_pods, mainiacjoe_overflow_small_starburst
D:7:      layout_loops_corners, nicolae_ashenzari_skybound, minitemple,
          enter_bailey_5, st_stairs_2, corexii_hall_statues_l
D:8:      layout_cave_pools, lemuel_crystal_altar, dreamdust_gnoll_shepherd
D:9:      minmay_s_stair_smasher, layout_rooms, dpeg_oklobed_lair,
          serial_rivers, chequers_serial_rivers_micro_c,
          chequers_serial_rivers_micro_b, chequers_serial_rivers_small_a,
          chequers_serial_rivers_micro_b, grunt_decor_clamped
D:10:     cheibrodos_histonic, layout_small_grid
D:11:     layout_roguey, gauntlet_entry_generic
Temple:   nicolae_temple_superstar

Skill      XL: |  1  2  3  4  5  6  7  8  9 10 11 12 |
---------------+-------------------------------------+-----
Dodging        | 3 4 5 6 7 8 9 |  9.1
Stealth        | 7 8 9 10 11 | 11.4
Hexes          | 1 3 4 5 6 7 8 |  8.4
Spellcasting   | 1 2 3 4 5 6 |  6.5
Unarmed Combat | 3 4 5 6 7 8 9 |  9.1
Fighting       | 4 5 6 7 8 |  8.1
Translocations | 3 4 |  4.6
Shapeshifting  | 2 3 4 |  4.7
Summonings     | 2 4 6 |  6.6
Air Magic      | 2 4 5 6 |  6.1
Necromancy     | 1 2 |  2.1

Action                     |  1- 3 |  4- 6 |  7- 9 | 10-12 || total
---------------------------+-------+-------+-------+-------++-------
  Melee: Unarmed           |    54 |   116 |   305 |   228 ||   703
         Bite              |     3 |    12 |    37 |    27 ||    79
         Punch             |     1 |     2 |    11 |    12 ||    26
   Cast: Jinxbite          |     2 |     9 |    45 |    43 ||    99
         Summon Lightning  |       |       |     2 |    43 ||    45
         Anguish           |       |       |       |    31 ||    31
         Blink             |       |       |       |     1 ||     1
  Evoke: Wand              |       |       |    10 |    12 ||    22
    Use: Scroll            |     3 |     1 |    13 |     9 ||    26
         Potion            |     2 |     1 |     7 |     6 ||    16
   Stab: Sleeping          |     8 |    20 |    10 |     4 ||    42
         Distracted        |       |     2 |       |     2 ||     4
 Armour: Skin              |    17 |    21 |   163 |   107 ||   308
  Dodge: Dodged            |    43 |    69 |   399 |   289 ||   800
   Form: Beast             |       |       |     1 |       ||     1

Table legend: (Time is in decaauts)
 A = Elapsed time spent in this place.
 B = Non-inter-level travel time spent in this place.
 C = Inter-level travel time spent in this place.
 D = Time resting spent in this place.
 E = Time spent auto-exploring this place.
 F = Levels seen in this place.
 G = Mean time per level.
                   A        B        C        D        E       F      G
               +--------+--------+--------+--------+--------+-----+--------+
         Total |  10495 |  10263 |    232 |   1260 |   6333 |  12 |  874.6 |
       Dungeon |  10487 |  10255 |    232 |   1260 |   6333 |  11 |  953.4 |
        Temple |      7 |      7 |      0 |      0 |      0 |   1 |    7.0 |
               +--------+--------+--------+--------+--------+-----+--------+

Top non-repeatable levels by time:
    D:10: 1454 daAuts
     D:4: 1373 daAuts
     D:7: 1295 daAuts
     D:5: 1187 daAuts
     D:6: 1081 daAuts
     D:9: 945 daAuts
     D:8: 746 daAuts
     D:3: 655 daAuts
     D:1: 646 daAuts
     D:2: 603 daAuts
    D:11: 498 daAuts
  Temple: 7 daAuts
